 Dungeon Crawl Stone Soup version 0.28.0-1-gb440e238dd (webtiles) character file.

Game seed: 6274841287772720268

15475 Kaptain the Geomancer (level 12, 0/77 HPs)
             Began as a Gargoyle Earth Elementalist on Feb 23, 2022.
             Killed from afar by a hell hound (19 damage)
             ... with a blast of flame
             ... in a volcano.
             The game lasted 00:37:50 (16936 turns).

Kaptain the Geomancer (GrEE)                       Turns: 16936, Time: 00:37:51

Health: 0/77       AC: 20    Str: 13    XL:     12   Next: 27%
Magic:  5/24       EV: 31    Int: 20    God:
Gold:   649        SH:  0    Dex: 13    Spells: 24/28 levels left

rFire   . . .      SeeInvis .   n - +5 mace of Gavos {freeze, rPois rC+ Dex+3}
rCold   + . .      Faith    .   (no shield)
rNeg    + . .      Spirit   .   O - +0 troll leather armour
rPois   ∞          Reflect  .   (no helmet)
rElec   +          Harm     .   C - +1 cloak
rCorr   .          Rampage  .   R - +1 pair of gloves
Will    +....                   N - +1 pair of boots
Stlth   +++.......              F - amulet of the acrobat
HPRegen 1.02/turn               w - ring of willpower
MPRegen 0.19/turn               y - +4 ring of evasion

@: acrobatic, studying Bows, invisible
A: sickness immunity, AC +8, negative energy resistance 1, electricity
resistance, torment resistance 1, petrification resistance
a: no special abilities


You were in a volcano.
You visited 3 branches of the dungeon, and saw 14 of its levels.
You also visited: Bailey and Volcano.

You collected 649 gold pieces.

Inventory:

Hand Weapons
 i - a +0 trident
 n - the +5 mace of Gavos (weapon) {freeze, rPois rC+ Dex+3}
   (You found it on level 3 of the Dungeon)

   It freezes those it strikes, dealing additional cold damage.
   It can also slow down cold-blooded creatures.
   Dex:       It affects your dexterity (+3).
   rC:        It protects you from cold.
   rPois:     It protects you from poison.
 r - the +7 shortbow "Wefuubob" {freeze, rPois Int+3}
   (You found it on level 10 of the Dungeon)

   Any ammunition fired from it freezes those it strikes, dealing additional
   cold damage.
   It can also slow down cold-blooded creatures.
   Int:       It affects your intelligence (+3).
   rPois:     It protects you from poison.
 G - the +7 whip "Xom's Ringing Laughter" {venom, rF+}
   (You found it on level 10 of the Dungeon)

   It poisons the flesh of those it strikes.
   rF:        It protects you from fire.
Missiles
 c - 218 stones
 g - 4 atropa-tipped darts
 k - 5 javelins
 x - 4 throwing nets
 J - 31 poisoned darts (quivered)
Armour
 a - +0 acid dragon scales
 B - a +0 leather armour of fire resistance
 C - a +1 cloak (worn)
 H - a +2 kite shield of reflection
 L - +0 steam dragon scales
 N - a +1 pair of boots (worn)
 O - a +0 troll leather armour (worn)
 R - a +1 pair of gloves (worn)
 T - a +2 robe of willpower
Magical Staves
 S - a staff of death
 X - a staff of conjuration
 Z - a staff of air
Jewellery
 w - a ring of willpower (left hand)
 y - a +4 ring of evasion (right hand)
 D - a ring of protection from cold
 F - an amulet of the acrobat (around neck)
 Y - the ring "Obbial" {rElec rN+ Str-5 Int+4 SInv}
   (You found it on level 10 of the Dungeon)

   [ring of see invisible]

   Str:       It affects your strength (-5).
   Int:       It affects your intelligence (+4).
   rElec:     It insulates you from electricity.
   rN:        It protects you from negative energy.
   SInv:      It lets you see invisible.
Wands
 f - a wand of mindburst (12)
 v - a wand of digging (15)
 E - a wand of acid (11)
 K - a wand of charming (16)
 Q - a wand of paralysis (8)
 U - a wand of polymorph (3)
Scrolls
 b - 7 scrolls of teleportation
 j - 2 scrolls of immolation
 m - a scroll of acquirement
 t - a scroll of vulnerability
 W - a scroll of blinking
Potions
 e - 2 potions of resistance
 h - 7 potions of curing
 l - a potion of lignification
 o - a potion of heal wounds {unknown}
 p - 3 potions of flight
 s - 3 potions of haste
 u - 2 potions of brilliance
 z - 2 potions of berserk rage
 A - a potion of ambrosia {unknown}
 I - a potion of attraction {unknown}
 P - a potion of might {unknown}
Miscellaneous
 d - a condenser vane
 M - a lightning rod (4/4)


   Skills:
 * Level 10.1 Fighting
 + Level 6.4 Armour
 - Level 2.3 Dodging
 + Level 5.8 Stealth
 * Level 8.8 Spellcasting
 * Level 9.4 Conjurations
 - Level 0.7 Transmutations
 * Level 11.6 Earth Magic


You had 24 spell levels left.
You knew the following spells:

 Your Spells              Type           Power      Damage    Failure   Level
a - Sandblast             Erth           100%       2d20      1%          1
b - Stone Arrow           Conj/Erth      100%       3d13      1%          3

Your spell library contained the following spells:

 Spells                   Type           Power      Damage    Failure   Level
 Passwall                 Tmut/Erth      27%        N/A       1%          2
 Static Discharge         Conj/Air       27%        N/A       2%          2
 Dazzling Flash           Conj/Hex       54%        N/A       4%          3
 Petrify                  Tmut/Erth      33%        N/A       8%          4
 Leda's Liquefaction      Hex/Erth       16%        N/A       9%          4
 Apportation              Tloc           16%        N/A       10%         1
 Scorch                   Fire           16%        2d5       14%         2
 Flame Wave               Conj/Fire      27%        2d7       14%         4
 Sticky Flame             Conj/Fire      27%        2d5       14%         4
 Borgnjor's Vile Clutch   Necr/Erth      16%        N/A       24%         5
 Call Canine Familiar     Summ           8%         N/A       28%         3
 Ozocubu's Armour         Ice            8%         N/A       28%         3
 Portal Projectile        Hex/Tloc       16%        N/A       28%         3
 Summon Guardian Golem    Hex/Summ       8%         N/A       28%         3
 Vampiric Draining        Necr           8%         2d6       28%         3
 Dispel Undead            Necr           8%         3d8       67%         4
 Alistair's Intoxication  Tmut/Pois      6%         N/A       93%         5
 Agony                    Necr           8%         N/A       95%         5
 Metabolic Englaciation   Hex/Ice        4%         N/A       95%         5
 Silence                  Hex/Air        4%         N/A       95%         5
 Simulacrum               Ice/Necr       4%         N/A       100%        6
 Summon Cactus Giant      Summ           4%         N/A       100%        6
 Haunt                    Necr/Summ      4%         N/A       100%        7


Dungeon Overview and Level Annotations

Branches:
Dungeon (11/15)            Temple (1/1) D:4            Lair (2/6) D:10
  Swamp (0/4) Lair:2        Snake (0/4) Lair:2          Orc (0/2) D:9
 Bailey (visited)         Volcano (1/1)

Altars:
Ashenzari
Cheibriados
Dithmenos
Elyvilon
Fedhas
Gozag
Hepliaklqana
Kikubaaqudgha
Makhleb
Nemelex Xobeh
Okawaru
Qazlal
Ru
Sif Muna
Trog
Uskayaw
Vehumet
Wu Jian
Xom
Yredelemnul
Zin
The Shining One

Portals:
Trove: D:10 (give 17 potions of curing)


Innate Abilities, Weirdness & Mutations

You are immune to sickness and miasma.
Your stone body is resilient. (AC +8)
You are immune to poison.
You resist negative energy. (rN+)
You are resistant to electric shocks. (rElec)
You are resistant to unholy torment.
You are immune to petrification.


Message History

Press: ? - help, Shift-Dir - straight line, f - fire dragon
Aim: a fire dragon (lightly wounded, 84% to hit)
The stone arrow hits the fire dragon!
The fire dragon is moderately wounded.
The fire dragon breathes flames at you. The blast of flame hits you!!
Casting: Stone Arrow (safe; 1% risk of failure)
Confirm with . or Enter, or press ? or * to list all spells.
Aiming: Stone Arrow (safe; 1% risk of failure)
Press: ? - help, Shift-Dir - straight line, f/p - fire dragon
Aim: a fire dragon (moderately wounded, catching its breath, 84% to hit)
The stone arrow hits the fire dragon!!
The fire dragon is heavily wounded.
The fire dragon bites you but does no damage.
The fire dragon claws you but does no damage.
The fire dragon misses you.
You fade into invisibility!
The fire dragon bites you!
* * * LOW HITPOINT WARNING * * *
The fire dragon closely misses you.
The fire dragon tramples you but does no damage.
Casting: Stone Arrow (safe; 1% risk of failure)
Confirm with . or Enter, or press ? or * to list all spells.
Aiming: Stone Arrow (safe; 1% risk of failure)
Press: ? - help, Shift-Dir - straight line, f/p - fire dragon
Aim: a fire dragon (heavily wounded, wandering, hasn't noticed you, 84% to hit)
The stone arrow hits the fire dragon!
The fire dragon is severely wounded.
The fire dragon barely misses you. The fire dragon misses you.
The fire dragon closely misses you.
Casting: Stone Arrow (safe; 1% risk of failure)
Confirm with . or Enter, or press ? or * to list all spells.
Aiming: Stone Arrow (safe; 1% risk of failure)
Press: ? - help, Shift-Dir - straight line, f/p - fire dragon
Aim: a fire dragon (severely wounded, 84% to hit)
The stone arrow hits the fire dragon.
The fire dragon is severely wounded.
The hell hound breathes flames at you. The blast of flame hits you!!
You die...

.≈≈≈≈# h.≈≈○# D.≈≈≈
### ##.≈§ ..###..###.#
.........D##
.§.§.....#.## ###
≈≈≈≈≈≈...h..# #☼##
§≈≈≈≈§≈...@.# ##☼☼#
§§§≈≈§§§...## ##≈≈≈##
§≈≈§§§≈.....# ##§..≈≈#
≈≈≈≈§§§§...##
##≈....≈#
≈.§§.......####.∩....#
...§....###...#....∩.#
##.#.## ###...#..###
##.# ######## #.


You could see a fire dragon (wandering) and a hell hound (catching breath).

Vanquished Creatures
  Josephine (D:9)
  2 hydras
  An ogre mage (D:10)
  A centaur warrior (D:10)
  A wizard (D:10)
  A manticore (D:10)
  A black mamba (Lair:2)
  2 cane toads
  2 kobold demonologists
  A tengu conjurer (D:10)
  3 trolls
  A hornet (D:11)
  4 flying skulls (D:9)
  A wyvern (Lair:2)
  4 shadows
  5 yaks
  A vampire mosquito (Lair:2)
  5 wraiths
  A steam dragon (D:7)
  An acid dragon (D:9)
  Duvessa (D:5)
  A water moccasin (D:7)
  A hell hound (Volcano)
  An orc warrior (D:9)
  3 black bears
  A necrophage (D:4)
  6 wolves (Bailey)
  An ice beast (D:6)
  7 centaurs
  2 ogres (D:5)
  3 kobold brigands
  4 bullfrogs
  8 gnoll sergeants (Bailey)
  Blork the orc (D:4)
  A water moccasin skeleton (D:4)
  Dowan (D:5)
  10 killer bees
  2 wights (D:9)
  A howler monkey (D:10)
  An electric eel (Lair:1)
  9 centaur zombies
  3 jellies
  6 hounds
  7 orc priests
  4 centaur skeletons (D:9)
  A bullfrog skeleton (D:6)
  7 gnoll shamans
  2 iguanas
  11 orc wizards
  A hound skeleton (D:5)
  2 howler monkey zombies
  3 howler monkey skeletons (D:9)
  3 adders
  23 gnolls
  3 shadow imps
  2 white imps (D:7)
  A worm (D:3)
  2 dart slugs
  31 orcs
  6 ball pythons
  4 bats
  9 endoplasms
  A giant cockroach (D:1)
  14 goblins
  13 hobgoblins
  9 jackals
  9 quokkas
  A frilled lizard (D:1)
  18 kobolds
  4 rats
304 creatures vanquished.

Vanquished Creatures (others)
  A fungus (Lair:1)
  77 plants
78 creatures vanquished.

Grand Total: 382 creatures vanquished

Notes
Turn   | Place    | Note
-------+----------+-------------------------------------------
     0 | D:1      | Kaptain the Gargoyle Earth Elementalist began the quest for
                  | the Orb.
     0 | D:1      | Reached XP level 1. HP: 10/10 MP: 3/3
   476 | D:1      | Reached XP level 2. HP: 16/16 MP: 3/5
   983 | D:1      | Reached skill level 1 in Fighting
   983 | D:1      | Reached XP level 3. HP: 20/20 MP: 4/6
   984 | D:1      | Reached skill level 4 in Earth Magic
   988 | D:1      | Learned a level 3 spell: Stone Arrow
  1944 | D:3      | Reached XP level 4. HP: 25/25 MP: 5/7
  2059 | D:3      | Reached skill level 1 in Armour
  2439 | D:3      | Identified the +5 mace of Gavos {freeze, rPois rC+ Dex+3}
  2706 | D:3      | Reached XP level 5. HP: 28/30 MP: 7/9
  3046 | D:4      | Noticed Blork the orc
  3239 | D:4      | Noticed a necrophage
  3244 | D:4      | Killed a necrophage
  3245 | D:4      | Reached XP level 6. HP: 36/36 MP: 6/10
  3279 | D:4      | Found a shadowy altar of Dithmenos.
  3279 | D:4      | Noticed a shadow
  3282 | D:4      | Found a hazy altar of Hepliaklqana.
  3412 | D:4      | Found an ancient bone altar of Kikubaaqudgha.
  3423 | D:4      | Noticed a black bear
  3432 | D:4      | Killed a black bear
  3433 | D:4      | Reached skill level 5 in Earth Magic
  3518 | D:4      | Got Ytom Vys's Handbook of Bewitchment and Unholy Arts
  3749 | D:4      | Killed Blork the orc
  3750 | D:4      | Reached XP level 7. HP: 41/41 MP: 9/12
  4189 | D:4      | Reached skill level 1 in Conjurations
  4224 | D:4      | Found a staircase to the Ecumenical Temple.
  4233 | Temple   | Entered the Ecumenical Temple
  4409 | D:5      | Entered Level 5 of the Dungeon
  4928 | D:5      | Reached skill level 6 in Earth Magic
  5378 | D:5      | Noticed Dowan
  5379 | D:5      | Noticed Duvessa
  5386 | D:5      | Reached XP level 8. HP: 43/48 MP: 14/14
  5398 | D:5      | Killed Dowan
  5403 | D:5      | Killed Duvessa
  6611 | D:6      | Found a blossoming altar of Fedhas.
  6702 | D:6      | Reached skill level 5 in Fighting
  6771 | D:6      | Reached skill level 5 in Spellcasting
  6817 | D:6      | Reached skill level 7 in Earth Magic
  7322 | D:6      | Found a sparkling altar of Nemelex Xobeh.
  7323 | D:6      | Found an ancient bone altar of Kikubaaqudgha.
  7328 | D:6      | Found an ornate altar of the Wu Jian Council.
  7332 | D:6      | Found a hide-covered altar of Uskayaw.
  7335 | D:6      | Found a sacrificial altar of Ru.
  7335 | D:6      | Found an iron altar of Okawaru.
  7336 | D:6      | Found a snail-covered altar of Cheibriados.
  7382 | D:6      | Found a glowing silver altar of Zin.
  7385 | D:6      | Found an opulent altar of Gozag.
  7960 | D:7      | Reached XP level 9. HP: 52/54 MP: 13/16
  8515 | D:7      | Reached skill level 5 in Conjurations
  8934 | D:7      | Reached skill level 8 in Earth Magic
  8998 | D:8      | Identified a scroll of acquirement
  9134 | D:8      | Found a flagged portal.
  9146 | Bailey   | Entered a bailey
  9861 | Bailey   | Reached XP level 10. HP: 63/63 MP: 6/19
 10071 | Bailey   | Reached skill level 9 in Earth Magic
 10828 | D:9      | Found a stormy altar of Qazlal.
 12228 | D:9      | Found a staircase to the Orcish Mines.
 12249 | D:9      | Noticed a boulder beetle
 12409 | D:9      | Noticed Josephine
 12485 | D:9      | Noticed a kobold demonologist
 12486 | D:9      | Killed Josephine
 12487 | D:9      | Reached skill level 5 in Armour
 12487 | D:9      | Reached skill level 10 in Earth Magic
 12598 | D:9      | Noticed a kobold demonologist
 12601 | D:8      | Killed a kobold demonologist
 12602 | D:8      | Reached XP level 11. HP: 38/69 MP: 7/22
 12995 | D:9      | Identified the +4 chain mail "Vuroec" {rN+ Regen+ Int-2
                  | Dex+2}
 12995 | D:9      | Noticed a skeletal warrior
 14191 | D:10     | Entered Level 10 of the Dungeon
 14674 | D:10     | Reached skill level 5 in Stealth
 14780 | D:10     | Noticed a white ugly thing
 14797 | D:10     | Noticed a manticore
 14801 | D:10     | Killed a manticore
 14803 | D:10     | Noticed a skeletal warrior
 14953 | D:10     | Found a portal to a secret trove of treasure.
 15150 | D:10     | Found a staircase to the Lair.
 15150 | D:10     | Noticed an ogre mage
 15153 | D:10     | Noticed a wizard
 15153 | D:10     | Noticed a centaur warrior
 15158 | D:10     | Killed a centaur warrior
 15159 | D:10     | Reached skill level 11 in Earth Magic
 15163 | D:10     | Killed an ogre mage
 15167 | D:10     | Killed a wizard
 15174 | D:10     | Identified the +7 shortbow "Wefuubob" {freeze, rPois Int+3}
 15174 | D:10     | Identified the ring "Obbial" {rElec rN+ Str-5 Int+4 SInv}
 15174 | D:10     | Identified the +7 whip "Xom's Ringing Laughter" {venom,
                  | rF+}
 15308 | Lair:1   | Entered Level 1 of the Lair of Beasts
 15461 | Lair:1   | Reached XP level 12. HP: 77/77 MP: 19/24
 16063 | Lair:1   | Noticed a five-headed hydra
 16068 | Lair:1   | Killed a five-headed hydra
 16549 | Lair:2   | Found a staircase to the Swamp.
 16797 | Lair:2   | Noticed a seven-headed hydra
 16798 | Lair:2   | Reached skill level 10 in Fighting
 16803 | Lair:2   | Killed a seven-headed hydra
 16818 | Lair:2   | Found a dark tunnel.
 16825 | Volcano  | Entered a volcano
 16917 | Volcano  | Noticed a fire dragon
 16936 | Volcano  | Killed from afar by a hell hound

Illustrated notes

Levels and vault maps discovered:
D:1:      scummos_arrival_forest, layout_basic
D:2:      layout_rooms
D:3:      layout_rooms
D:4:      wad_woods_stonehenge, layout_basic,
          riverfiend_overflow_shadow_ancestor, minmay_temple_entry_poolview,
          dk_noncrumbling_4, uniq_blork_the_orc
D:5:      layout_layer_cave, hangedman_decor_growths, uniq_duvessa
D:6:      layout_basic, fedhas_altar_1, nicolae_overflow_hallway_of_the_gods,
          serial_corexii_hall, chequers_hall_statues_y, corexii_hall_statues_i,
          grunt_decor_mini_mirrors
D:7:      layout_loops_cross
D:8:      layout_cave_pools, enter_bailey_4
D:9:      hangedman_screamer, layout_basic, nicolae_qazlal_style_of_elements,
          orc_0_dummy
D:10:     minmay_the_grid_net [minmay_the_grid_diamond_grid,
          minmay_the_grid_minigrid_small_alt, minmay_the_grid_paths,
          minmay_the_grid_aliased_spiral, minmay_the_grid_embedded,
          minmay_the_grid_prize_shrinking_boxes], layout_small_grid,
          enter_trove_1
D:11:     layout_grid_maze, serial_shops, nicolae_shop_waterfront,
          chequers_serial_rivers_small_a, chequers_mini_garden,
          item_on_display_a, uniq_urug, uniq_harold, uniq_snorg
Temple:   nicolae_temple_figure_zero
Lair:1:   layout_layer_cave, st_stairs_8, lemuel_fruit_tree,
          infiniplex_staircase_pool
Lair:2:   layout_regular_city, minmay_swamp_entry_swarm,
          guppyfry_snake_entry_island, enter_volcano_2, basic_altar,
          serial_bayou_shore_b
Volcano:  volcano_pools

Skill      XL: |  1  2  3  4  5  6  7  8  9 10 11 12 |
---------------+-------------------------------------+-----
Fighting       | 1 2 3 4 5 7 8 9 10 | 10.1
Earth Magic    | 4 5 6 7 8 10 11 | 11.6
Armour         | 1 2 4 5 6 |  6.4
Dodging        | 2 |  2.3
Stealth        | 3 4 5 |  5.8
Spellcasting   | 3 4 5 6 7 8 |  8.8
Conjurations   | 2 4 6 7 9 |  9.4
Transmutations | |  0.7

Action                   |  1- 3 |  4- 6 |  7- 9 | 10-12 || total
-------------------------+-------+-------+-------+-------++-------
Melee: Dagger            |     4 |       |       |       ||     4
       Short sword       |    33 |       |       |       ||    33
       Mace              |       |    64 |    79 |    83 ||   226
       Trident           |       |     9 |       |       ||     9
       Punch             |       |     1 |     3 |       ||     4
Throw: Dart              |       |       |    10 |     3 ||    13
 Cast: Sandblast         |    43 |    27 |    70 |    43 ||   183
       Stone Arrow       |       |       |    99 |   220 ||   319
Evoke: Wand              |       |       |       |     3 ||     3
  Use: Scroll            |       |       |    11 |     6 ||    17
       Potion            |       |       |       |     1 ||     1
 Stab: Sleeping          |     1 |     4 |     3 |       ||     8
Armor: Robe              |     2 |       |       |       ||     2
       Leather armour    |    17 |    32 |    33 |       ||    82
       Steam dragon scal |       |       |    23 |    30 ||    53
       Troll leather arm |       |       |       |    97 ||    97
Dodge: Dodged            |    23 |    49 |   185 |   216 ||   473
